 Dungeon Crawl Stone Soup version 0.18-a0-1292-ge8ad84c (webtiles) character file.

260 MrRokkomies the Cutter (level 5, 0/29 HPs)
             Began as a Spriggan Abyssal Knight on Feb 10, 2016.
             Was a Believer of Lugonu.
             Slain by Blork the orc
             ... wielding a +0 long sword
              (6 damage)
             ... on level 4 of the Dungeon.
             The game lasted 00:07:31 (2881 turns).

MrRokkomies the Cutter (Spriggan Abyssal Knight)    Turns: 2881, Time: 00:07:31

Health: 0/29       AC:  3    Str:  8    XL:     5   Next: 95%
Magic:  7/7        EV: 19    Int: 14    God:    Lugonu [**....]
Gold:   181        SH:  0    Dex: 20    Spells: 0 memorised, 4 levels left

rFire  . . .     SeeInvis +     n - -2 hunting sling (curse)
rCold  . . .     Gourm    .     b - +1 robe
rNeg   + . .     Faith    .     (shield restricted)
rPois  .         Spirit   .     (helmet restricted)
rElec  .         Dismiss  .     (no cloak)
rCorr  .         Reflect  .     (gloves unavailable)
SustAt .         Harm     .     (boots unavailable)
MR     .....                    (no amulet)
Stlth  ++........               w - +4 ring of dexterity
                                r - ring of positive energy

@: very slightly contaminated, invisible, very quick, not resistant to hostile
enchantments, unstealthy
A: unfitting armour, hooves 1, see invisible, herbivore 3, speed 3, slow
metabolism 2
a: Depart the Abyss, Bend Space, Renounce Religion


You were on level 4 of the Dungeon.
You worshipped Lugonu.
Lugonu was pleased with you.
You were not hungry.

You visited 1 branch of the dungeon, and saw 4 of its levels.
You visited the Abyss 1 time.

You collected 181 gold pieces.

Inventory:

Hand Weapons
 a - a +1 short sword
 i - a cursed -2 hunting sling
 n - a cursed -2 hunting sling (weapon)
 p - a cursed -2 dagger
Missiles
 d - 26 poisoned needles
 g - 77 sling bullets (quivered)
 s - 115 stones
Armour
 b - a +1 robe (worn)
Jewellery
 r - a ring of positive energy (left hand)
 w - a +4 ring of dexterity (right hand)
Scrolls
 h - 2 scrolls of amnesia
 k - a scroll of immolation
Potions
 e - 3 potions of flight
 f - 3 potions of magic
 j - a potion of haste
 v - 2 potions of curing
Comestibles
 c - 2 bread rations


   Skills:
 * Level 4.2 Fighting
 * Level 5.1 Short Blades
 - Level 3.5 Dodging
 - Level 1.7 Invocations


You had 4 spell levels left.
You didn't know any spells.

Dungeon Overview and Level Annotations

Branches:
Dungeon (4/15)
 Temple: D:4-7

Altars:

Annotations:
D:3 Lysie's ghost, amateur MiFi
D:4 Blork the orc


Innate Abilities, Weirdness & Mutations

You are tiny and cannot use many weapons and most armour.
You have supernaturally acute eyesight.
You are a herbivore.
You cover ground extremely quickly.
You need consume almost no food.
You have large cloven feet.


Message History

Drink which item? (? for menu, Esc to quit)
You fade into invisibility!
Blork the orc points at you and mumbles some strange words.
The magic dart hits you!
* * * LOW HITPOINT WARNING * * *
You are very lightly contaminated with residual magic.
Firing (i - inventory. (,) - cycle):
g - 79 sling bullets (quivered)
Press: ? - help, Shift-Dir - straight line, f/p - Blork the orc
Aim: Blork the orc, wielding a long sword and wearing a robe (heavily wounded)
You shoot a sling bullet.
The sling bullet closely misses Blork the orc.
Blork the orc closely misses you.
Firing (i - inventory. (,) - cycle):
g - 78 sling bullets (quivered)
Press: ? - help, Shift-Dir - straight line, f/p - Blork the orc
Aim: Blork the orc, wielding a long sword and wearing a robe (heavily wounded)
You shoot a sling bullet.
The sling bullet hits Blork the orc but does no damage.
Blork the orc is heavily wounded.
Blork the orc hits you with a long sword.
You die...

## #.#.#
#.# #.#. #
..#.#.# #.#
#)##
###.#.#.#.#
#.# #.8#
.((#.#.#.#
#.####).
#(......#
#....###
###.......#
#.##....
.....(....#
#.######
......o...#
#.#
..##.#@#.#
#.# ..
#.#.# #.# .
#.#.# #.#
#.#.# #.#
#.#.# #.#
..#.# #.#
###.# #.#
#.# #.# #.#
#.#


You could see Blork the orc.

Vanquished Creatures
  Duvessa (D:4)
  Dowan (D:4)
  Jessica (D:2)
  An adder (D:3)
  2 oozes
  A worm (D:2)
  2 giant geckos
  4 bats
  4 giant cockroaches
  9 hobgoblins
  3 jackals (D:3)
  12 goblins
  5 kobolds
  12 rats
58 creatures vanquished.

Vanquished Creatures (others)
  A plant (D:4)
1 creature vanquished.

Grand Total: 59 creatures vanquished

Notes
Turn   | Place    | Note
--------------------------------------------------------------
     0 | Abyss:1  | MrRokkomies the Spriggan Abyssal Knight began the quest for the Orb.
     0 | Abyss:1  | Reached XP level 1. HP: 11/11 MP: 3/3
   131 | Abyss:1  | Noticed a small abomination
   148 | Abyss:1  | Noticed a freezing wraith
   150 | Abyss:1  | Noticed a fire giant zombie
   155 | D:1      | Escaped the Abyss
   231 | D:1      | Reached XP level 2. HP: 14/16 MP: 4/4
   236 | D:1      | Reached * piety under Lugonu
  1030 | D:2      | Reached XP level 3. HP: 17/19 MP: 5/5
  1095 | D:2      | Gained mutation: You have large cloven feet. [potion of beneficial mutation]
  1155 | D:2      | Noticed Jessica
  1169 | D:2      | Killed Jessica
  1464 | D:2      | Reached XP level 4. HP: 21/24 MP: 6/6
  1509 | D:2      | Reached ** piety under Lugonu
  1992 | D:3      | Noticed Lysie's ghost (amateur MiFi)
  2338 | D:3      | Reached skill level 4 in Short Blades
  2539 | D:4      | Noticed Duvessa
  2539 | D:4      | Noticed Dowan
  2642 | D:4      | Killed Duvessa
  2642 | D:4      | Reached XP level 5. HP: 10/29 MP: 7/7
  2660 | D:4      | Killed Dowan
  2660 | D:4      | Reached skill level 5 in Short Blades
  2872 | D:4      | Noticed Blork the orc
  2881 | D:4      | Slain by Blork the orc

Vault maps used:
D:1:      dpeg_arrival_ratfight, st_stairs_13
D:2:      uniq_jessica
D:4:      nicolae_overflow_crystal_walls, gammafunk_temple_overflow_forgotten,
          minmay_temple_entry_statues_pillars, first_bread, grunt_ministairs_11,
          kennysheep_small_spiral, uniq_menkaure, uniq_edmund,
          uniq_blork_the_orc, uniq_duvessa
Abyss:1:  evilmike_abyss_exit_12

Action                   |  1- 3 |  4- 6 || total
-------------------------+-------+-------++-------
Melee: Short sword       |   109 |     4 ||   113
 Fire: Hunting sling     |       |   105 ||   105
Invok: Depart the Abyss  |     1 |       ||     1
  Use: Scroll            |     9 |     6 ||    15
       Potion            |     1 |     4 ||     5
 Stab: Sleeping          |     1 |       ||     1
